 Dungeon Sprint DCSS version 0.16.2-12-gd0ad4c3 (webtiles) character file.

3891 Ponchio the Eclecticist (level 10, -1/50 HPs)
             Began as a Deep Elf Fire Elementalist on Oct 23, 2015.
             Was the Champion of Vehumet.
             Killed from afar by a deep elf sorcerer (48 damage)
             ... with a blast of hellfire
             ... in the Dungeon (Sprint V: "Ziggurat Sprint").
             The game lasted 00:23:11 (1285 turns).

Ponchio the Eclecticist (DEFE)                      Turns: 1285, Time: 00:23:11

Health: -1/50      AC:  2    Str:  5    XL:     10   Next: 0%
Magic:  42/42      EV: 22    Int: 42    God:    Vehumet [******]
Gold:   0          SH:  0    Dex: 15    Spells: 5 memorised, 26 levels left

rFire  . . .     SeeInvis .     J - +6 Majin-Bo {vamp, Archmagi MP+6 Int+6}
rCold  . . .     Clarity  .     a - +0 robe
rNeg   . . .     SustAb   .     (no shield)
rPois  .         Gourm    .     (no helmet)
rElec  .         Spirit   .     (no cloak)
rCorr  .         Warding  .     (no gloves)
rMut   .         NoTele   +     (no boots)
MR     +....                    (no amulet)
Stlth  ++........               B - +6 ring of intelligence
                                C - +6 ring of intelligence

@: hasted and slowed, repel missiles, somewhat resistant to hostile
enchantments, unstealthy
A: no striking features
a: Renounce Religion


You were in the Dungeon.
You worshipped Vehumet.
Vehumet was exalted by your worship.
You were not hungry.

You visited 1 branch

Inventory:

Hand weapons
 J - the +6 Majin-Bo (weapon) {vamp, Archmagi MP+6 Int+6}
   (You found it in the Dungeon)

   It inflicts no extra harm, but heals its wielder somewhat when it strikes a
   living foe.
   It affects your intelligence (+6).
   It affects your magic capacity (+6).
Armour
 a - a +0 robe (worn)
 O - a +1 leather armour of fire resistance
Jewellery
 y - the ring "Mneomum" {rPois rC- MP+9 Dex+2 SInv}
   (You found it in the Dungeon)

   [ring of magical power]

   It affects your dexterity (+2).
   It makes you vulnerable to cold.
   It protects you from poison.
   It affects your magic capacity (+9).
   It enhances your eyesight.
 B - a +6 ring of intelligence (right hand)
 C - a +6 ring of intelligence (left hand)
Magical devices
 F - a wand of disintegration (0)
 G - a wand of fire (2)
 H - a wand of cold (0)
 I - a wand of draining (1)
Scrolls
 i - 4 scrolls of blinking
 n - 3 scrolls of brand weapon
 q - 4 scrolls of amnesia
 r - 3 scrolls of recharging
 s - 7 scrolls of fog
 t - a scroll of holy word
 u - 5 scrolls of identify
 v - 4 scrolls of remove curse
 w - 2 scrolls of fear
Potions
 d - 8 potions of curing
 e - 5 potions of heal wounds
 f - 4 potions of haste
 g - 7 potions of magic
 h - 3 potions of berserk rage
 j - 2 potions of brilliance
 k - 2 potions of invisibility
 l - 2 potions of restore abilities
 m - 4 potions of resistance
 o - 5 potions of agility
 p - 6 potions of might
Books
 b - a book of Flames

   Spells                             Type                      Level
   a - Flame Tongue                   Conjuration/Fire             1
   b - Throw Flame                    Conjuration/Fire             2
   c - Conjure Flame                  Conjuration/Fire             3
   d - Inner Flame                    Hexes/Fire                   3
   e - Sticky Flame                   Conjuration/Fire             4
   f - Fireball                       Conjuration/Fire             5
 E - a book of Air

   Spells                             Type                      Level
   a - Shock                          Conjuration/Air              1
   b - Swiftness                      Charms/Air                   2
   c - Repel Missiles                 Charms/Air                   2
   d - Flight                         Charms/Air                   3
   e - Static Discharge               Conjuration/Air              3
   f - Lightning Bolt                 Conjuration/Air              5
 L - a book of Conjurations

   Spells                             Type                      Level
   a - Magic Dart                     Conjuration                  1
   b - Searing Ray                    Conjuration                  2
   c - Dazzling Spray                 Conjuration/Hexes            3
   d - Fulminant Prism                Conjuration/Hexes            4
   e - Iskenderun's Mystic Blast      Conjuration                  4
   f - Iskenderun's Battlesphere      Conjuration/Charms           5
 M - a book of Fire

   Spells                             Type                      Level
   a - Ignite Poison                  Fire/Transmutation           5
   b - Fireball                       Conjuration/Fire             5
   c - Bolt of Fire                   Conjuration/Fire             6
   d - Delayed Fireball               Conjuration/Fire             7
   e - Ring of Flames                 Charms/Fire                  7
Miscellaneous
 D - a phial of floods
 N - a fan of gales
Comestibles
 c - 5 bread rations
 x - 40 fruits
 z - 4 meat rations
 A - 2 royal jellies


   Skills:
 - Level 1.7 Armour
 + Level 14.6 Dodging
 - Level 2.4 Stealth
 + Level 16.8 Spellcasting
 + Level 12.2 Conjurations
 - Level 3.2 Fire Magic
 - Level 10.0 Evocations


You had 26 spell levels left.
You knew the following spells:

 Your Spells              Type           Power        Failure   Level  Hunger
a - Flame Tongue          Conj/Fire      #####        1%          1    None
b - Fireball              Conj/Fire      ########..   1%          5    None
c - Dazzling Spray        Conj/Hex       #######.     1%          3    None
d - Ignite Poison         Fire/Trmt      ######....   4%          5    None
e - Repel Missiles        Chrm/Air       ######       1%          2    None


Dungeon Overview and Level Annotations

Branches:
Dungeon (1/1)

Altars:
Ashenzari
Cheibriados
Dithmenos
Elyvilon
Fedhas
Gozag
Kikubaaqudgha
Makhleb
Nemelex Xobeh
Okawaru
Qazlal
Ru
Sif Muna
Trog
Vehumet
Xom
Yredelemnul
Zin
The Shining One
Beogh
Jiyva
Lugonu


Message History

The deep elf fighter shouts!
The deep elf fighter points at you and mumbles some strange words.
The magic dart hits you!
The deep elf sorcerer casts a spell at you.
The hellfire explodes!
The blast of hellfire engulfs you!
The deep elf priest picks up the +9 hunting sling "Demonbane" {freeze, Contam rF++ Str-4 Dex+2}.
Found six items.
Drink which item? (? for menu, Esc to quit)
You feel much better.
The deep elf mage points at you and mumbles some strange words.
You feel yourself slow down.
The deep elf fighter mumbles some strange words.
The deep elf fighter seems to speed up.
Drink which item? (? for menu, Esc to quit)
You feel yourself speed up.
The deep elf sorcerer shouts!
The deep elf sorcerer points at you and mumbles some strange words.
The hellfire explodes!
The blast of hellfire engulfs you!
Ouch! That really hurt!
You die...

8©8 ▓..8©8..▓
..:e)....▓..|....▓
▓..e)ee...▓..}.\†.▓
▓...ee....▓.......▓
▓.....e...▓.......▓
▓.........▓.......▓
▓.........▓.......▓
▓.........▓.▓...▓.▓
▓....@....▓.......▓
▓▓▓▓▓▓▓▓▓▓▓▓▓▓▓▓▓▓▓
▓..8©8..▓ ▓..))}..▓
▓..).|..▓ ▓.......▓
▓...†...▓ ▓.......▓
▓.......▓


You could see 2 deep elf sorcerers, a deep elf priest, 3 deep elf fighters and a
deep elf mage.

Vanquished Creatures
  A deep elf knight (D)
  A deep elf conjurer (D)
  A spiny frog (D)
  2 yaktaurs (D)
  2 spriggans (D)
  2 yaks (D)
  A deep elf mage (D)
  4 steam dragons (D)
  A hippogriff (D)
  A wolf (D)
  2 porcupines (D)
  A swamp drake (D)
  2 centaurs (D)
  A giant frog (D)
  2 iguanas (D)
  2 sheep (D)
  2 river rats (D)
  2 jackals (D)
30 creatures vanquished.

Notes
Turn   | Place    | Note
--------------------------------------------------------------
     0 | D        | Ponchio, the Deep Elf Fire Elementalist, began the quest for the Orb.
     0 | D        | Reached XP level 1. HP: 10/10 MP: 5/5
     0 | D        | Found a viscous altar of Jiyva.
     0 | D        | Found a corrupted altar of Lugonu.
     0 | D        | Found a white marble altar of Elyvilon.
     1 | D        | Found a burning altar of Makhleb.
     1 | D        | Found an iron altar of Okawaru.
     3 | D        | Found a sparkling altar of Nemelex Xobeh.
     3 | D        | Found a basalt altar of Yredelemnul.
     3 | D        | Found a deep blue altar of Sif Muna.
     3 | D        | Found a radiant altar of Vehumet.
     7 | D        | Found a bloodstained altar of Trog.
    22 | D        | Found a shimmering altar of Xom.
    32 | D        | Became a worshipper of Vehumet
    51 | D        | Reached skill level 8 in Evocations
    51 | D        | Reached XP level 2. HP: 15/15 MP: 6/8
   108 | D        | Entered arena 1.
   108 | D        | Noticed a spriggan
   108 | D        | Noticed a spriggan
   113 | D        | Killed a spriggan
   113 | D        | Reached skill level 1 in Armour
   113 | D        | Reached skill level 9 in Spellcasting
   113 | D        | Reached XP level 3. HP: 13/19 MP: 15/19
   113 | D        | Reached XP level 4. HP: 16/24 MP: 16/21
   113 | D        | Reached XP level 5. HP: 18/28 MP: 17/23
   116 | D        | Killed a spriggan
   116 | D        | Reached skill level 11 in Spellcasting
   116 | D        | Reached skill level 10 in Evocations
   116 | D        | Reached XP level 6. HP: 18/32 MP: 18/27
   138 | D        | Learned a level 5 spell: Fireball
   284 | D        | Entered arena 2.
   284 | D        | Noticed a deep elf knight
   284 | D        | Noticed a deep elf mage
   284 | D        | Noticed a deep elf conjurer
   290 | D        | Killed a deep elf conjurer
   290 | D        | Acquired Vehumet's first power
   290 | D        | Offered knowledge of Magic Dart by Vehumet.
   290 | D        | Reached skill level 10 in Dodging
   290 | D        | Reached skill level 12 in Spellcasting
   290 | D        | Reached XP level 7. HP: 29/36 MP: 29/29
   292 | D        | Killed a deep elf mage
   292 | D        | Reached skill level 13 in Spellcasting
   299 | D        | Killed a deep elf knight
   299 | D        | Reached skill level 14 in Spellcasting
   299 | D        | Reached XP level 8. HP: 30/41 MP: 32/32
   403 | D        | Entered arena 3.
   403 | D        | Noticed a yaktaur
   403 | D        | Noticed a centaur
   403 | D        | Noticed a yaktaur
   403 | D        | Noticed a centaur
   404 | D        | Killed a centaur
   404 | D        | Killed a centaur
   407 | D        | Killed a yaktaur
   408 | D        | HP: 1/41 [the Majin-Bo (3)]
   409 | D        | Killed a yaktaur
   409 | D        | Reached skill level 15 in Spellcasting
   409 | D        | Reached skill level 10 in Conjurations
   409 | D        | Reached XP level 9. HP: 1/45 MP: 25/34
   479 | D        | Learned a level 3 spell: Dazzling Spray
   700 | D        | Entered arena 4.
   700 | D        | Noticed an iguana
   700 | D        | Noticed an iguana
   701 | D        | Killed an iguana
   701 | D        | Offered knowledge of Sandblast by Vehumet.
   701 | D        | Acquired Vehumet's second power
   701 | D        | Killed an iguana
   715 | D        | Learned a level 5 spell: Ignite Poison
   769 | D        | Entered arena 5.
   769 | D        | Noticed a steam dragon
   769 | D        | Noticed a steam dragon
   769 | D        | Noticed a steam dragon
   769 | D        | Noticed a steam dragon
   769 | D        | Noticed a swamp drake
   770 | D        | Killed a swamp drake
   770 | D        | Acquired Vehumet's third power
   770 | D        | Killed a steam dragon
   773 | D        | Killed a steam dragon
   775 | D        | Killed a steam dragon
   775 | D        | Killed a steam dragon
  1029 | D        | Got the ring "Mneomum" {rPois rC- MP+9 Dex+2 SInv}
  1030 | D        | Entered arena 6.
  1030 | D        | Noticed a porcupine
  1030 | D        | Noticed a porcupine
  1030 | D        | Noticed a hippogriff
  1031 | D        | Offered knowledge of Stone Arrow by Vehumet.
  1031 | D        | Killed a porcupine
  1031 | D        | Reached skill level 16 in Spellcasting
  1031 | D        | Killed a porcupine
  1033 | D        | Killed a hippogriff
  1048 | D        | Learned a level 2 spell: Repel Missiles
  1144 | D        | Entered arena 7.
  1144 | D        | Noticed a spiny frog
  1144 | D        | Noticed a wolf
  1144 | D        | Noticed a yak
  1144 | D        | Noticed a yak
  1144 | D        | Noticed a giant frog
  1145 | D        | Killed a yak
  1146 | D        | Killed a giant frog
  1146 | D        | Killed a yak
  1147 | D        | Killed a wolf
  1148 | D        | Killed a spiny frog
  1148 | D        | Reached XP level 10. HP: 33/50 MP: 31/36
  1283 | D        | Entered arena 8.
  1283 | D        | Noticed a deep elf sorcerer
  1283 | D        | Noticed a deep elf fighter
  1283 | D        | Noticed a deep elf fighter
  1283 | D        | Noticed a deep elf priest
  1283 | D        | Noticed a deep elf mage
  1283 | D        | Noticed a deep elf sorcerer
  1283 | D        | Noticed a deep elf fighter
  1285 | D        | Killed from afar by a deep elf sorcerer

Action                   |  1- 3 |  4- 6 |  7- 9 | 10-12 || total
-------------------------+-------+-------+-------+-------++-------
 Cast: Fireball          |       |       |    15 |     1 ||    16
       Repel Missiles    |       |       |     1 |       ||     1
Evoke: Wand              |     4 |     6 |     9 |       ||    19
  Use: Potion            |     1 |     3 |     4 |     2 ||    10
       Scroll            |       |     1 |       |       ||     1
  Eat: Fruit             |     2 |       |       |       ||     2
       Chunk             |       |     1 |     2 |       ||     3
       Royal jelly       |       |       |     1 |       ||     1
